Map: Cañón atribulado

Players

MrFercho - Winner!

  • Race: Zerg Zerg
  • League: Gold
  • Spawn Location: 12:00

TATORREA - Winner!

  • Race: Protoss Protoss
  • League: Gold
  • Spawn Location: 12:00

tigro - Winner!

  • Race: Terran Terran
  • League: Bronze
  • Spawn Location: 3:00

Usagi

  • Race: Zerg Zerg
  • League: Silver
  • Spawn Location: 6:00

thorset

  • Race: Terran Terran
  • League: Gold
  • Spawn Location: 6:00

Jaime

  • Race: Protoss Protoss
  • League: Silver
  • Spawn Location: 7:00

VOD

Have the link to the VOD?

Description

Time

  • Played on: Aug. 12, 2020, 9:52 p.m.
  • Length: 22:02
Show
View Real Time Build Order
Export as new Build Order

MrFercho Zerg - Winner!

Build Orders: Pool First, Lurkers 

Get SALT Encoding   

  12  0:19  Spawning Pool  
  11  0:23  Drone  
  11  0:27  Drone  
  13  0:32  Drone  
  14  0:41  Overlord  
  14  1:12  Zergling x2, Hatchery  
  14  1:14  Zergling x2  
  15  1:18  Zergling x2  
  16  1:36  Zergling x4  
  18  1:53  Drone  
  19  1:54  Queen  
  21  2:10  Drone  
  21  2:11  Overlord  
  22  2:28  Zergling x4  
  24  2:40  Zergling x6  
  24  2:51  Zergling x4  
  25  3:16  Extractor  
  24  3:23  Drone x3  
  24  3:24  Drone x3  
  30  3:49  Drone  
  30  3:50  Drone  
  30  3:54  Drone x3  
  35  3:56  Overlord x3  
  35  4:21  Queen  
  37  4:32  Drone x4  
  37  4:33  Drone x4  
  37  4:37  Hatchery  
  44  4:46  Overlord x2  
  44  4:59  Extractor  
  43  5:00  Extractor  
  42  5:09  Drone x3  
  42  5:10  Drone x3  
  48  5:27  Lair  
  48  5:29  Metabolic Boost  
  48  5:37  Drone x6  
  48  5:38  Drone x2  
  56  6:01  Drone x2, Evolution Chamber  
  56  6:03  Evolution Chamber  
  56  6:09  Drone x6  
  62  6:11  Queen  
  62  6:15  Hatchery  
  63  6:28  Hydralisk Den, Drone  
  63  6:33  Extractor, Drone  
  63  6:35  Drone x3  
  66  6:42  Zerg Ground Armor Level 1, Zerg Missile Weapons Level 1  
  66  6:46  Drone x7  
  73  6:49  Extractor  
  73  6:50  Extractor  
  71  7:02  Muscular Augments  
  71  7:03  Hydralisk x5  
  71  7:07  Overlord x4  
  81  7:35  Drone  
  81  7:36  Drone x3  
  86  7:37  Nydus Network, Drone x3  
  86  7:38  Drone x2  
  89  7:58  Spore Crawler  
  88  8:02  Spore Crawler  
  88  8:05  Drone, Spore Crawler  
  86  8:06  Drone  
  86  8:08  Drone x2  
  90  8:13  Grooved Spines  
  90  8:16  Infestation Pit  
  90  8:19  Lurker Den, Drone  
  89  8:29  Drone x15  
  104  8:36  Overlord x2  
  104  8:39  Zerg Missile Weapons Level 2  
  104  8:40  Zerg Ground Armor Level 2  
  104  8:55  Hatchery  
  104  8:58  Hive  
  104  9:00  Spire  
  104  9:02  Hydralisk x11  
  124  9:15  Queen  
  124  9:16  Overlord  
  124  9:17  Overlord x3  
  126  9:18  Overlord  
  126  9:21  Extractor  
  126  9:23  Extractor, Drone x3  
  127  9:24  Drone x2  
  127  9:25  Drone  
  127  9:26  Drone x4  
  134  9:35  Lurker x5  
  139  10:23  Hydralisk  
  139  10:24  Hydralisk x18  
  177  10:30  Overlord x3  
  177  10:45  Spore Crawler  
  176  10:52  Ultralisk Cavern  
  175  11:08  Zerg Missile Weapons Level 3, Zerg Ground Armor Level 3  
  175  11:23  Pneumatized Carapace  
  175  11:28  Burrow  
  175  11:42  Hatchery  
  174  11:48  Zerg Flyer Weapons Level 1  
  174  11:49  Seismic Spines  
  174  11:55  Anabolic Synthesis  
  174  11:57  Ultralisk x2  
  186  12:02  Ultralisk  
  186  12:05  Zergling x2  
  186  12:06  Zergling x12  
  199  12:11  Adrenal Glands  
  199  12:37  Chitinous Plating  
  199  12:46  Adaptive Talons  
  199  12:52  Nydus Canal  
  198  13:41  Overlord x3  
  198  13:42  Overlord x4  
  159  14:39  Hydralisk  
  159  14:40  Hydralisk x18  
  159  14:44  Zergling x4  
  93  17:13  Drone  
  93  17:30  Hatchery  
  77  19:52  Overlord x3  
  57  20:45  Overlord x2  
  57  20:46  Overlord  
Show
View Real Time Build Order
Export as new Build Order

TATORREA Protoss - Winner!

Build Orders:  

Get SALT Encoding   

  12  0:03  Probe  
  13  0:15  Probe  
  14  0:25  Pylon  
  14  0:27  Probe  
  15  0:43  Probe  
  15  0:48  Gateway  
  16  0:55  Probe  
  17  1:07  Probe  
  18  1:17  Gateway  
  18  1:19  Probe  
  19  1:25  Assimilator  
  19  1:29  Pylon  
  19  1:30  Assimilator  
  19  1:31  Probe (Chrono Boost)  
  20  1:34  Pylon  
  20  1:43  Probe (Chrono Boost)  
  21  1:49  Probe (Chrono Boost)  
  22  1:59  Probe  
  22  2:00  Cybernetics Core  
  23  2:12  Probe  
  15  2:54  Probe  
  10  3:07  Probe  
  11  3:19  Probe  
  12  3:37  Probe (Chrono Boost)  
  13  3:49  Probe (Chrono Boost)  
  13  3:50  Warp Gate  
  14  3:57  Probe (Chrono Boost)  
  15  4:03  Probe  
  16  4:11  Stalker x2  
  16  4:15  Probe  
  21  4:27  Probe (Chrono Boost)  
  23  4:39  Probe (Chrono Boost)  
  23  4:44  Probe (Chrono Boost)  
  24  4:53  Probe  
  24  4:54  Nexus  
  25  5:06  Probe  
  26  5:18  Probe  
  26  5:21  Robotics Facility  
  27  5:30  Probe, Stargate  
  28  5:42  Probe  
  29  5:45  Protoss Air Weapons Level 1 (Chrono Boost)  
  29  5:53  Twilight Council  
  29  5:54  Probe  
  30  6:07  Probe (Chrono Boost)  
  30  6:08  Probe (Chrono Boost)  
  33  6:19  Probe (Chrono Boost)  
  33  6:20  Probe (Chrono Boost)  
  33  6:24  Probe (Chrono Boost)  
  33  6:25  Probe (Chrono Boost)  
  36  6:35  Probe (Chrono Boost)  
  36  6:36  Probe (Chrono Boost)  
  38  6:45  Probe (Chrono Boost)  
  40  6:48  Probe (Chrono Boost)  
  40  6:50  Probe (Chrono Boost)  
  41  6:57  Probe  
  41  6:59  Pylon, Nexus  
  42  7:01  Probe  
  42  7:03  Pylon  
  43  7:09  Probe  
  43  7:11  Assimilator  
  43  7:15  Assimilator, Probe (Chrono Boost)  
  45  7:17  Pylon  
  45  7:20  Pylon  
  45  7:21  Probe (Chrono Boost)  
  48  7:31  Probe x2 (Chrono Boost)  
  48  7:41  Fleet Beacon  
  48  7:42  Protoss Air Armor Level 1 (Chrono Boost)  
  48  7:47  Stalker x2  
  52  7:55  Probe  
  52  7:56  Probe  
  54  8:08  Probe x2  
  56  8:16  Stargate  
  56  8:17  Probe  
  56  8:18  Stargate  
  57  8:20  Probe x2  
  57  8:23  Blink  
  59  8:29  Probe  
  59  8:32  Probe x2  
  59  8:33  Forge  
  62  8:37  Forge  
  62  8:40  Forge  
  62  8:41  Probe  
  63  8:44  Assimilator, Probe x2  
  65  8:48  Assimilator  
  65  8:53  Probe  
  66  8:56  Probe x2  
  68  9:03  Protoss Ground Armor Level 1 (Chrono Boost), Protoss Ground Weapons Level 1 (Chrono Boost)  
  68  9:05  Probe  
  68  9:08  Probe x2  
  71  9:10  Protoss Shields Level 1 (Chrono Boost)  
  71  9:17  Probe  
  71  9:20  Probe x2  
  74  9:29  Probe  
  75  9:44  Nexus  
  75  9:45  Pylon  
  75  9:46  Protoss Air Weapons Level 2  
  75  9:48  Pylon  
  75  9:53  Pylon  
  75  9:55  Pylon, Probe x3  
  75  9:59  Pylon  
  78  10:04  Pylon  
  78  10:07  Probe x3  
  79  10:10  Templar Archives  
  79  10:12  Pylon  
  81  10:16  Pylon  
  81  10:19  Pylon  
  81  10:20  Assimilator  
  81  10:22  Gateway  
  81  10:24  Gateway  
  81  10:25  Assimilator  
  81  10:27  Stalker  
  83  10:28  Gateway  
  83  10:29  Stalker  
  83  10:30  Gateway  
  83  10:32  Gateway  
  83  10:35  Gateway  
  85  10:40  Probe x3  
  88  10:43  Void Ray (Chrono Boost)  
  88  10:44  Void Ray (Chrono Boost)  
  88  10:45  Void Ray (Chrono Boost)  
  100  10:50  Unknown  
  100  10:52  Probe x3  
  103  11:00  Probe  
  103  11:04  Probe x2  
  105  11:09  Protoss Ground Armor Level 2 (Chrono Boost)  
  106  11:15  Psionic Storm  
  106  11:16  Protoss Ground Weapons Level 2 (Chrono Boost)  
  106  11:19  Void Ray  
  106  11:20  Void Ray  
  106  11:21  Void Ray  
  106  11:22  Protoss Shields Level 2 (Chrono Boost)  
  118  11:55  Stalker  
  118  11:56  Stalker x5  
  118  11:58  Stalker  
  118  11:59  Stalker  
  134  12:02  Void Ray  
  134  12:03  Void Ray x2  
  146  12:22  Protoss Air Weapons Level 3 (Chrono Boost)  
  146  12:36  High Templar  
  148  12:37  High Templar x4  
  148  12:39  Zealot x2  
  148  12:40  Zealot  
  148  12:42  Charge (Chrono Boost), Archon x2  
  162  12:52  Nexus  
  162  12:55  Pylon  
  162  12:58  Pylon  
  106  13:08  Stalker  
  106  13:09  Stalker x5  
  106  13:10  Stalker x2  
  98  13:33  Stalker  
  98  13:34  Stalker x4  
  102  13:35  Stalker x3  
  114  13:47  Gateway  
  114  13:49  Gateway  
  114  13:53  Gateway  
  114  13:55  Gateway  
  114  13:58  Stalker x2, Gateway  
  114  13:59  Stalker x3  
  114  14:00  Stalker x2, Gateway  
  114  14:02  Stalker, Gateway  
  130  14:06  Gateway  
  130  14:11  Gateway  
  130  14:17  Gateway  
  130  14:20  Gateway  
  130  14:22  Gateway  
  122  14:25  Stalker  
  122  14:26  Stalker x3  
  122  14:29  Stalker  
  126  14:31  Stalker  
  126  14:34  Stalker  
  128  14:53  Stalker x3  
  128  14:54  Stalker x3  
  128  14:55  Stalker x2  
  128  14:56  Stalker  
  128  14:58  Stalker  
  128  15:07  Cybernetics Core  
  128  15:08  Stalker x3  
  128  15:09  Stalker x2  
  82  15:32  Zealot x3  
  82  15:33  Zealot x4  
  82  15:34  Zealot x5  
  82  15:35  Zealot x5  
  112  15:37  Zealot  
  113  15:56  Zealot  
  77  15:57  Zealot x4  
  77  15:58  Zealot x4  
  77  15:59  Zealot  
  70  16:11  Zealot  
  70  16:12  Zealot x4  
  70  16:13  Zealot  
  78  16:24  Zealot x2  
  78  16:25  Zealot x3  
  76  16:26  Zealot  
  76  16:35  Zealot x2  
  76  16:36  Zealot x2  
  76  16:38  Zealot  
  77  16:46  Zealot x3  
  70  16:48  Zealot  
  70  16:50  Zealot  
  9  17:53  Nexus  
  9  17:54  Nexus  
  2  18:10  Nexus  
  1  18:25  Nexus  
  1  19:51  Probe x2 (Chrono Boost)  
  3  20:02  Probe x2 (Chrono Boost)  
  3  20:06  Probe x2 (Chrono Boost)  
  7  20:17  Pylon, Probe x2  
  7  20:21  Pylon  
  9  20:24  Pylon  
  9  20:28  Pylon  
  9  20:29  Probe x2  
  9  20:32  Pylon  
  11  20:37  Pylon  
  11  20:41  Pylon, Probe x2  
  13  20:45  Pylon  
  13  20:53  Probe x2  
  13  20:55  Gateway  
  15  20:58  Gateway  
  15  21:05  Probe  
  15  21:06  Probe  
  17  21:17  Probe  
  17  21:18  Probe  
  19  21:30  Probe  
  20  21:33  Assimilator  
  20  21:36  Assimilator  
  20  21:37  Probe  
  21  21:40  Assimilator  
  21  21:42  Probe  
  21  21:44  Assimilator  
  22  21:49  Probe  
Show
View Real Time Build Order
Export as new Build Order

tigro Terran - Winner!

Build Orders:  

Get SALT Encoding   

  12  0:18  SCV  
  12  0:21  Supply Depot  
  13  0:30  SCV  
  14  0:42  SCV  
  15  0:49  Barracks  
  15  0:54  SCV  
  16  0:57  Refinery  
  16  1:07  SCV  
  17  1:14  Refinery  
  17  1:19  SCV  
  18  1:38  Marine  
  19  1:55  Marine  
  19  1:59  Engineering Bay  
  20  2:12  Factory  
  20  2:13  Marine  
  20  2:14  SCV  
  22  2:26  SCV  
  23  2:30  Supply Depot  
  23  2:52  Marine, SCV  
  25  3:04  SCV  
  25  3:10  Marine  
  26  3:16  SCV  
  27  3:25  Factory Tech Lab  
  27  3:52  Siege Tank  
  27  3:55  Barracks Tech Lab  
  30  4:02  Starport  
  30  4:04  Orbital Command  
  30  4:15  Combat Shield  
  30  4:38  Command Center  
  30  4:50  Medivac, Siege Tank  
  35  4:55  Marine  
  35  4:58  Terran Infantry Weapons Level 1  
  36  5:12  Marine  
  37  5:27  Missile Turret  
  37  5:30  Marine  
  38  5:48  Marine  
  38  5:49  Siege Tank  
  42  5:57  SCV, Refinery  
  42  5:58  Missile Turret  
  43  6:06  Marine  
  43  6:08  Starport Tech Lab  
  43  6:09  SCV  
  45  6:18  Stimpack  
  45  6:21  SCV  
  45  6:24  Marine  
  47  6:27  Missile Turret  
  47  6:33  SCV  
  48  6:41  Marine  
  48  6:45  SCV  
  50  6:52  Terran Infantry Armor Level 1  
  50  6:57  SCV  
  50  6:59  Marine, Missile Turret  
  52  7:09  SCV  
  52  7:10  Armory  
  53  7:21  SCV  
  54  7:28  Refinery  
  54  7:34  SCV  
  54  7:35  Marine  
  56  7:46  SCV  
  56  7:49  Supply Depot  
  57  7:53  Marine  
  57  7:58  SCV  
  59  8:10  Thor, Marine  
  59  8:11  Supply Depot  
  66  8:16  Fusion Core  
  66  8:28  Marine  
  66  8:33  Terran Vehicle Weapons Level 1  
  67  8:34  Supply Depot  
  67  8:46  Marine, Neosteel Armor  
  68  9:07  Barracks  
  68  9:33  Missile Turret  
  68  9:34  SCV  
  69  9:42  Weapon Refit  
  69  9:44  Medivac  
  71  9:46  SCV  
  72  9:57  Missile Turret  
  72  9:58  SCV  
  73  10:10  SCV  
  74  10:15  Battlecruiser  
  74  10:20  Missile Turret  
  80  10:22  SCV  
  80  10:26  Barracks Reactor, Hi-Sec Auto Tracking  
  80  10:27  Terran Vehicle And Ship Armor Level 1  
  81  10:34  SCV  
  82  10:44  Missile Turret  
  82  10:46  SCV  
  83  11:05  Command Center  
  83  11:16  Missile Turret  
  83  11:21  Refinery  
  83  11:22  Rapid Reignition System, Battlecruiser  
  83  11:23  Terran Infantry Weapons Level 2  
  89  11:26  Thor  
  95  11:37  Planetary Fortress  
  95  11:42  Missile Turret  
  95  12:09  Thor  
  101  12:18  Refinery  
  101  12:26  Battlecruiser  
  93  12:52  Thor  
  86  13:03  Marine  
  60  13:13  Planetary Fortress  
  60  13:17  Marine  
  60  13:18  Marine  
  62  13:21  Marine  
  38  13:54  Supply Depot  
  17  14:16  Supply Depot  
  17  14:23  Barracks  
  17  14:31  SCV  
  18  14:40  Supply Depot  
  18  14:43  SCV  
  19  14:56  SCV  
  20  15:08  SCV  
  20  15:11  Barracks  
  21  15:15  Engineering Bay  
  21  15:17  Marine  
  21  15:20  SCV  
  23  15:35  Marine  
  24  15:41  Factory  
  24  15:53  Marine  
  25  16:11  Marine  
  26  16:17  Barracks Reactor  
  26  16:28  Marine  
  27  16:33  Command Center  
  27  16:38  Factory Tech Lab  
  27  16:52  Armory, SCV  
  28  17:04  SCV  
  29  17:12  Missile Turret  
  29  17:16  SCV  
  30  17:24  Cyclone  
  30  17:28  SCV  
  34  17:32  Missile Turret  
  34  17:37  Supply Depot  
  34  17:40  SCV  
  34  17:43  Refinery  
  35  17:48  Orbital Command  
  35  17:52  SCV  
  35  17:55  Barracks Reactor  
  35  17:56  Missile Turret, Cyclone  
  39  17:59  Marine x2  
  39  18:01  Supply Depot  
  41  18:17  Marine x2  
  43  18:23  Supply Depot  
  43  18:25  Starport  
  38  18:35  Marine x2  
  38  18:36  Marine x2  
Show
View Real Time Build Order
Export as new Build Order

Usagi Zerg 

Build Orders: Pool First 

Get SALT Encoding   

  12  0:03  Drone  
  13  0:18  Drone  
  13  0:19  Overlord  
  14  0:38  Drone x2  
  16  1:02  Drone x3  
  19  1:14  Spawning Pool  
  18  1:33  Hatchery  
  17  1:57  Drone x3  
  20  2:41  Queen  
  22  2:45  Drone  
  22  2:48  Drone x2  
  25  2:54  Extractor  
  25  2:56  Drone  
  25  2:59  Extractor  
  24  3:06  Drone  
  24  3:07  Drone  
  26  3:33  Drone  
  26  3:34  Drone  
  28  3:35  Overlord x2  
  28  3:42  Hatchery  
  27  3:49  Overlord x3  
  27  3:54  Drone x4  
  31  3:58  Lair  
  31  4:50  Queen  
  33  4:54  Queen  
  35  5:08  Overseer  
  35  5:11  Overseer  
  35  5:13  Overseer  
  35  5:15  Drone  
  35  5:16  Drone x10  
  46  5:26  Queen  
  48  5:30  Queen  
  50  5:42  Overseer  
  50  5:51  Drone x2  
  50  5:52  Drone x7  
  59  5:58  Extractor  
  59  5:59  Extractor  
  57  6:07  Extractor  
  56  6:13  Extractor  
  55  6:29  Overseer  
  55  6:38  Drone x3  
  58  6:40  Drone x3  
  58  6:42  Drone  
  58  6:43  Drone x2  
  58  6:45  Drone x2  
  58  6:46  Drone  
  67  6:49  Drone x7  
  67  6:51  Overlord x2  
  74  7:12  Hatchery  
  74  7:15  Hatchery  
  72  7:40  Hydralisk Den  
  72  7:43  Infestation Pit  
  70  7:47  Nydus Network  
  69  7:57  Overseer  
  69  8:00  Overseer  
  69  8:54  Hydralisk x13  
  69  8:55  Hydralisk x3  
  101  9:00  Overlord x4  
  101  9:01  Overlord x3  
  101  9:02  Overlord  
  101  9:08  Grooved Spines  
  101  9:24  Evolution Chamber  
  101  9:27  Evolution Chamber  
  101  9:30  Evolution Chamber  
  98  9:40  Hydralisk  
  98  9:41  Hydralisk x25  
  98  9:42  Hydralisk x8  
  166  9:48  Overlord x3  
  166  9:49  Overlord x2  
  166  9:57  Zerg Melee Weapons Level 1, Zerg Missile Weapons Level 1  
  166  9:59  Zerg Ground Armor Level 1  
  166  10:05  Hive  
  166  10:17  Hydralisk  
  166  10:18  Hydralisk x3  
  166  10:20  Muscular Augments  
  174  10:46  Overlord  
  174  10:48  Overseer  
  174  10:50  Hydralisk x10  
  194  11:40  Queen  
  196  12:08  Zerg Missile Weapons Level 2, Zerg Ground Armor Level 2, Zerg Melee Weapons Level 2  
  162  13:15  Hydralisk  
  162  13:16  Hydralisk x14  
  162  13:17  Hydralisk x8  
  122  13:50  Zergling x10  
  122  13:51  Zergling x2  
Show
View Real Time Build Order
Export as new Build Order

thorset Terran 

Build Orders: Mech 

Get SALT Encoding   

  12  0:00  SCV  
  13  0:13  SCV  
  14  0:26  SCV  
  14  0:27  Supply Depot  
  15  0:31  Refinery  
  15  0:49  SCV  
  16  0:51  Barracks  
  16  1:01  Refinery, SCV  
  17  1:13  SCV  
  18  1:34  SCV  
  19  1:48  Supply Depot  
  19  1:52  SCV  
  19  1:53  Barracks Tech Lab  
  20  2:04  SCV  
  21  2:13  Supply Depot  
  21  2:14  Marine  
  22  2:16  SCV  
  23  2:30  Orbital Command  
  23  2:35  Marine  
  24  2:55  Command Center  
  24  3:01  SCV  
  25  3:32  Marine  
  26  3:37  SCV  
  27  3:47  Factory  
  27  3:49  SCV  
  27  3:50  Marine  
  27  3:52  Stimpack  
  29  4:01  SCV, Refinery  
  30  4:10  Refinery, Orbital Command  
  30  4:11  Marine  
  30  4:13  SCV  
  32  4:25  SCV  
  32  4:29  Marine  
  34  4:35  Engineering Bay  
  34  4:36  Factory Tech Lab  
  34  4:37  Armory  
  34  4:44  Factory  
  34  4:46  SCV x2  
  34  4:47  Marine  
  37  4:58  SCV x2  
  39  5:01  Siege Tank  
  42  5:10  SCV x2  
  44  5:22  Marine, SCV x2  
  47  5:29  Factory Tech Lab  
  47  5:31  Combat Shield  
  47  5:33  Siege Tank  
  47  5:34  Sensor Tower, Factory  
  50  5:39  Armory  
  50  5:43  Terran Ship Weapons Level 1  
  50  6:02  Supply Depot  
  50  6:14  SCV x2  
  52  6:21  Sensor Tower, Factory Tech Lab  
  52  6:23  Thor  
  52  6:24  Supply Depot, Factory  
  58  6:26  SCV  
  59  6:41  Starport  
  59  6:43  SCV x2  
  61  6:55  SCV x2  
  63  7:07  Command Center  
  63  7:08  Refinery  
  63  7:11  Supply Depot, Refinery  
  63  7:13  Factory Tech Lab  
  63  7:16  Sensor Tower  
  63  7:25  Starport  
  63  7:26  Starport Reactor  
  63  7:27  Terran Vehicle Weapons Level 1  
  63  7:32  Armory  
  63  7:34  Supply Depot  
  63  7:37  Engineering Bay  
  63  7:42  Thor  
  69  8:01  Supply Depot  
  69  8:03  Starport Tech Lab  
  69  8:04  Sensor Tower  
  69  8:11  SCV x2  
  71  8:23  SCV x2, Orbital Command  
  71  8:24  Supply Depot  
  73  8:27  Medivac  
  73  8:29  Raven  
  77  8:35  SCV x2  
  79  8:47  SCV  
  79  8:48  SCV  
  81  9:00  SCV x2  
  81  9:01  Supply Depot  
  83  9:06  Thor x2  
  83  9:07  Thor  
  101  9:11  Thor  
  101  9:13  Medivac  
  101  9:16  Medivac  
  111  9:17  Marine  
  111  9:22  SCV  
  111  9:23  Supply Depot  
  113  9:34  SCV  
  113  9:35  Marine  
  115  9:46  Supply Depot, SCV  
  115  9:49  Terran Vehicle Weapons Level 2, Terran Vehicle And Ship Armor Level 1  
  115  9:50  Terran Ship Weapons Level 2  
  116  9:53  Marine  
  116  9:54  Terran Infantry Armor Level 1, Terran Infantry Weapons Level 1  
  116  9:59  Thor x2  
  129  10:13  Supply Depot  
  129  10:50  Barracks  
  129  10:53  Command Center, Refinery  
  129  10:54  Refinery  
  129  10:55  Thor  
  129  10:56  Thor x2  
  147  10:57  Thor  
  147  11:00  Marine  
  154  11:04  Medivac  
  154  11:06  Medivac  
  154  11:09  Smart Servos  
  158  11:18  Marine, SCV  
  158  11:19  SCV x2  
  162  11:30  SCV  
  162  11:31  SCV x2  
  165  11:42  Marine  
  165  11:43  SCV x3  
  165  11:46  Thor  
  165  11:47  Thor  
  175  11:51  Thor  
  187  11:55  Barracks Reactor  
  187  11:59  Barracks  
  187  12:00  Marine  
  188  12:18  Marine  
  189  12:24  Orbital Command  
  189  12:36  Thor  
  195  12:39  Marine x3  
  183  13:10  Marine x3  
  183  13:12  Thor x2  
  198  13:26  Barracks Reactor  
  198  13:28  Marine x2  
  198  13:30  Barracks  
  200  13:36  Refinery  
  195  14:00  Marine x3  
  196  14:18  Marine x2  
  178  14:44  Marine x3  
  186  15:11  Command Center  
  126  15:42  Engineering Bay  
  95  16:31  Command Center  
  95  16:33  Command Center  
  95  16:38  Supply Depot  
  95  17:47  Engineering Bay  
  93  18:11  Supply Depot  
  87  18:34  Supply Depot  
  87  18:56  Supply Depot  
  68  20:00  Supply Depot  
  1  20:22  Barracks  
  1  20:27  SCV  
  2  20:40  SCV  
  3  20:45  Engineering Bay  
  3  20:52  SCV  
Show
View Real Time Build Order
Export as new Build Order

Jaime Protoss 

Build Orders:  

Get SALT Encoding   

  12  0:03  Probe  
  13  0:17  Pylon  
  13  0:25  Probe  
  14  0:37  Probe  
  14  0:40  Forge  
  15  0:54  Gateway  
  15  1:12  Pylon  
  15  1:23  Pylon  
  15  1:28  Pylon  
  15  1:35  Pylon  
  15  1:46  Pylon  
  15  1:47  Photon Cannon  
  15  1:57  Pylon  
  15  2:07  Photon Cannon  
  15  2:11  Photon Cannon  
  15  2:28  Photon Cannon  
  15  2:33  Pylon  
  15  2:42  Pylon  
  15  3:01  Photon Cannon  
  15  3:12  Pylon  
  15  3:21  Pylon  
  14  3:30  Probe  
  15  3:40  Pylon  
  15  3:42  Probe  
  15  3:43  Cybernetics Core  
  16  3:48  Assimilator  
  16  3:54  Probe  
  17  4:06  Probe  
  18  4:15  Pylon  
  18  4:18  Photon Cannon  
  18  4:27  Gateway  
  18  4:28  Probe  
  19  4:31  Assimilator  
  19  5:12  Probe  
  20  5:24  Probe  
  20  5:28  Stargate  
  21  5:31  Pylon  
  21  5:33  Pylon  
  21  5:36  Probe  
  21  5:40  Nexus  
  21  5:42  Pylon  
  22  5:45  Pylon  
  22  5:48  Warp Gate  
  22  5:53  Zealot  
  22  5:54  Zealot  
  26  6:14  Twilight Council  
  26  6:26  Void Ray  
  30  6:52  Probe  
  31  7:03  Pylon  
  31  7:04  Probe  
  31  7:06  Charge  
  31  7:07  Pylon  
  32  7:09  Zealot  
  34  7:16  Probe  
  35  7:24  Void Ray  
  35  7:28  Probe  
  40  7:40  Probe  
  37  8:06  Probe  
  37  8:07  Void Ray  
  42  8:18  Probe  
  43  8:26  Fleet Beacon  
  43  8:30  Probe  
  44  8:39  Assimilator  
  44  8:42  Probe  
  44  8:43  Assimilator  
  44  8:47  Pylon  
  45  8:51  Pylon  
  45  8:54  Probe  
  45  8:55  Void Ray  
  50  9:07  Robotics Facility  
  50  9:10  Zealot  
  50  9:11  Zealot  
  50  9:17  Probe  
  55  9:29  Probe  
  56  9:41  Probe  
  56  9:42  Zealot x2  
  61  9:53  Probe  
  61  9:58  Protoss Shields Level 1  
  62  10:05  Probe  
  63  10:14  Unknown  
  63  10:16  Protoss Air Weapons Level 1  
  63  10:17  Robotics Bay, Probe  
  64  10:29  Probe  
  65  10:41  Probe  
  66  10:53  Probe  
  66  10:54  Pylon  
  66  10:56  Pylon  
  67  11:00  Gateway x2  
  67  11:02  Gateway, Carrier  
  73  11:05  Probe  
  73  11:07  Extended Thermal Lance  
  74  11:19  Colossus  
  80  11:38  Stargate  
  80  11:46  Gateway  
  80  12:00  Zealot x2  
  84  12:06  Tempest  
  89  12:18  Colossus  
  95  12:25  Protoss Air Armor Level 1  
  95  12:40  Pylon  
  95  12:43  Pylon  
  95  12:49  Carrier  
  101  12:51  Robotics Facility  
  99  13:42  Colossus  
  97  13:49  Zealot x2  
  97  13:50  Zealot  
  97  14:21  Zealot  
  97  14:22  Zealot  
  97  14:23  Zealot  
  103  14:35  Colossus  
  72  15:20  Zealot  
  72  15:21  Zealot x3  
  58  15:29  Colossus  
  58  15:30  Zealot  
  58  15:31  Zealot  
  53  16:19  Pylon  
Tags
 
Add a new tag
Caveats
  • Supply blocks, unpowered buildings, or Contaminate may cause inaccurate times.
  • Supply counts are checked every 10 seconds.